 Dungeon Crawl Stone Soup version 0.29.0-4-gdea44cf6ec (webtiles) character file.

Game seed: 13273336641011013301

402 qw the Chopper (level 6, -7/32 (36) HPs)
             Began as a Tengu Warper on Aug 28, 2022.
             Mangled by Edmund
             ... wielding a +4 flail of draining
              (8 damage)
             ... on level 4 of the Dungeon.
             The game lasted 00:00:24 (4935 turns).

qw the Chopper (Tengu Warper)                       Turns: 4935, Time: 00:00:24

HP:   -7/32 (36)    AC:  9    Str: 13    XL:     6   Next: 85%
MP:   10/10         EV:  7    Int: 14    God:
Gold: 158           SH:  0    Dex: 13    Spells: 9/9 levels left

rFire   . . .      SeeInvis .   Y - +0 war axe
rCold   . . .      Faith    .   (no shield)
rNeg    + . .      Spirit   .   n - +0 chain mail
rPois   .          Reflect  .   (helmet restricted)
rElec   .          Harm     .   (no cloak)
rCorr   .          Rampage  .   i - +0 pair of gloves
Will    .....                   (boots unavailable)
Stlth   ..........              c - amulet of the acrobat
HPRegen 0.10/turn               g - ring of positive energy
MPRegen 0.12/turn               (no ring)

@: about to teleport, flying quickly and evasively, heavily drained, quick
A: beak, talons 3, nimble flight
a: no special abilities


You were on level 4 of the Dungeon.
You visited 1 branch of the dungeon, and saw 4 of its levels.

You collected 158 gold pieces.


Innate Abilities, Weirdness & Mutations

You have a beak for a mouth.
You have claws for feet.
Your magical nature lets you fly swiftly and evasively.


   Skills:
 - Level 2.5 Fighting
 - Level 7.5 Axes
 - Level 1.0 Throwing
 + Level 1.2 Armour
 - Level 2.1 Dodging
 - Level 2.0 Spellcasting
 - Level 2.4 Translocations


You had 9 spell levels left.
You didn't know any spells.
Your spell library contained the following spells:

 Spells                   Type           Power      Damage    Failure   Level
 Blink                    Tloc           16%        N/A       99%         2
 Gell's Gravitas          Tloc           8%         N/A       100%        3
 Lesser Beckoning         Tloc           8%         N/A       100%        3
 Teleport Other           Tloc           8%         N/A       100%        3
 Manifold Assault         Tloc           8%         N/A       100%        5

Inventory:

Hand Weapons
 h - a +0 flail
 Y - a +0 war axe (weapon)
Missiles
 m - a boomerang (quivered)
Armour
 i - a +0 pair of gloves (worn)
 n - a +0 chain mail (worn)
Jewellery
 c - an amulet of the acrobat (around neck)
 g - a ring of positive energy (left hand)
Scrolls
 a - 2 scrolls of identify
Potions
 e - a potion of curing
 f - a potion of haste

Dungeon Overview and Level Annotations

Branches:
Dungeon (4/15)
 Temple: D:4-7

Altars:
Gozag

Annotations:
D:4 Edmund


Message History

Press: ? - help, Q - select action Shift-Dir - straight line, f - Edmund You throw a boomerang.
The boomerang hits Edmund.
Edmund is lightly wounded.
Throw: 2 boomerangs
Press: ? - help, Q - select action Shift-Dir - straight line, f/p - Edmund You throw a boomerang.
The boomerang barely misses Edmund.
Throw: 2 boomerangs
Press: ? - help, Q - select action Shift-Dir - straight line, f/p - Edmund You throw a boomerang.
The boomerang hits Edmund but does no damage.
Edmund is lightly wounded.
Throw: boomerang
Press: ? - help, Q - select action Shift-Dir - straight line, f/p - Edmund You throw a boomerang.
The boomerang hits Edmund.
Edmund is lightly wounded.
You hit Edmund. You peck Edmund.
Edmund is moderately wounded.
Edmund hits you but does no damage. You partially resist.
You slash Edmund! You claw Edmund. You peck Edmund.
Edmund is severely wounded.
Edmund hits you with a +4 flail of draining.
You partially resist.
You feel drained.
You hit Edmund but do no damage. You claw Edmund. Your peck misses Edmund.
You punch Edmund.
Edmund is severely wounded.
Edmund hits you with a +4 flail of draining.
You partially resist.
You feel drained.
You hit Edmund. You claw Edmund.
Edmund is almost dead.
Edmund hits you with a +4 flail of draining!
You partially resist.
You feel drained.
You hit Edmund.
Edmund is almost dead.
Edmund hits you with a +4 flail of draining!
You partially resist.
You feel drained.
4935 ||| READING scroll of teleportation.
As you read the scroll of teleportation, it crumbles to dust.
You feel strangely unstable.
Edmund hits you with a +4 flail of draining!
You die...

#..........
#..........
##.......##
###......###
##...###...###
###..###
###...#
###..### ##...
###...## ##..
#.@@### #..
......### #..
...... #..
.##.. #.. ###
#.. #.. #..


You could see Edmund.

Vanquished Creatures
  Grinder (D:3)
  A scorpion (D:3)
  An orc wizard (D:3)
  3 adders (D:2)
  A worm (D:2)
  A dart slug (D:4)
  5 orcs (D:3)
  8 bats
  6 endoplasms
  4 giant cockroaches
  7 goblins
  8 hobgoblins
  7 jackals (D:1)
  7 kobolds
  4 quokkas
  5 ball pythons
  4 frilled lizards
  8 rats
81 creatures vanquished.

Vanquished Creatures (others)
  A plant (D:2)
1 creature vanquished.

Grand Total: 82 creatures vanquished

Notes
Turn   | Place    | Note
-------+----------+-------------------------------------------
     0 | D:1      | qw the Tengu Warper began the quest for the Orb.
     0 | D:1      | Reached XP level 1. HP: 12/12 MP: 4/4
     0 | D:1      | 0 ||| qw: Version: 0.1-a-89-g26bdef1
     0 | D:1      | 0 ||| qw: Game counter: 2847
     0 | D:1      | 0 ||| qw: Always use a shield: true
     0 | D:1      | 0 ||| qw: God list: Okawaru
     0 | D:1      | 0 ||| qw: Allow faded altars: false
     0 | D:1      | 0 ||| qw: Do Orc after D:15 true
     0 | D:1      | 0 ||| qw: Do second Lair branch before Depths: true
     0 | D:1      | 0 ||| qw: Lair rune preference: random
     0 | D:1      | 0 ||| qw: Plans: Normal
     0 | D:1      | 0 ||| PLANNING D:1-11
   129 | D:1      | HP: 1/12 [kobold/+0 short sword (4)]
   131 | D:1      | Reached XP level 2. HP: 1/17 MP: 6/6
   132 | D:1      | Reached skill level 3 in Axes
  1055 | D:1      | 1055 ||| Stepping ~*~*~tactically~*~*~ (stealth).
  1061 | D:1      | 1061 ||| Stepping ~*~*~tactically~*~*~ (stealth).
  1068 | D:1      | Reached XP level 3. HP: 19/21 MP: 7/7
  1100 | D:1      | Reached skill level 4 in Axes
  1130 | D:1      | 1130 ||| Stepping ~*~*~tactically~*~*~ (stealth).
  1153 | D:1      | 1153 ||| Stepping ~*~*~tactically~*~*~ (stealth).
  1363 | D:1      | 1363 ||| Stepping ~*~*~tactically~*~*~ (stealth).
  1702 | D:1      | 1702 ||| UPGRADING to +0 pair of gloves.
  1707 | D:1      | 1707 ||| UPGRADING to ring of positive energy.
  1708 | D:1      | 1708 ||| READING scroll labelled PICRUA SAIQEK.
  1711 | D:1      | 1711 ||| READING scroll labelled LAFFIT REJICWE.
  1812 | D:1      | 1812 ||| READING scroll labelled NUMIB PEFF.
  1813 | D:1      | 1813 ||| DRINKING 2 amethyst potions.
  1814 | D:1      | 1814 ||| DROPPING scroll of blinking.
  1815 | D:1      | 1815 ||| DROPPING potion of brilliance.
  1998 | D:2      | Found an opulent altar of Gozag.
  2036 | D:2      | Reached XP level 4. HP: 17/26 MP: 8/8
  2416 | D:2      | Reached skill level 5 in Axes
  2518 | D:2      | Found a faded altar of an unknown god.
  2896 | D:2      | 2896 ||| DROPPING +0 club.
  3053 | D:2      | 3053 ||| UPGRADING to +0 scale mail.
  3063 | D:2      | 3063 ||| DROPPING +0 leather armour.
  3064 | D:2      | 3064 ||| READING 2 scrolls of identify.
  3064 | D:2      | 3064 ||| IDENTIFYING grey potion
  3065 | D:2      | 3065 ||| DROPPING potion of flight.
  3094 | D:3      | Noticed a scorpion
  3104 | D:3      | Killed a scorpion
  3105 | D:3      | Reached skill level 6 in Axes
  3105 | D:3      | Gained mutation: Your magical nature lets you fly swiftly
                  | and evasively. [Tengu growth]
  3105 | D:3      | Reached XP level 5. HP: 19/30 MP: 9/9
  3516 | D:3      | Noticed Grinder
  3528 | D:3      | HP: 7/30 [Grinder/nerve-wracking pain (1)]
  3529 | D:3      | 3529 ||| READING 4 scrolls of teleportation.
  3534 | D:3      | HP: 7/30 [bat (1)]
  3535 | D:3      | 3535 ||| READING 3 scrolls of teleportation.
  4004 | D:3      | Killed Grinder
  4005 | D:3      | Reached skill level 7 in Axes
  4005 | D:3      | Reached XP level 6. HP: 18/35 MP: 10/10
  4372 | D:3      | 4372 ||| Stepping ~*~*~tactically~*~*~ (stealth).
  4528 | D:3      | 4528 ||| SWAPPING to +0 war axe.
  4529 | D:3      | 4529 ||| DROPPING +0 hand axe.
  4670 | D:3      | 4670 ||| UPGRADING to +0 chain mail.
  4680 | D:3      | 4680 ||| DROPPING +0 scale mail.
  4681 | D:3      | 4681 ||| UPGRADING to amulet of the acrobat.
  4686 | D:3      | 4686 ||| READING scroll labelled ESUGIY CUDA.
  4687 | D:3      | 4687 ||| READING scroll labelled OCIYNE LOESAMI.
  4688 | D:3      | 4688 ||| READING 2 scrolls labelled WYPRU AFEGY.
  4689 | D:3      | 4689 ||| READING scroll labelled MAZUUCSAHAL.
  4690 | D:3      | 4690 ||| DRINKING 2 silvery potions.
  4691 | D:3      | 4691 ||| READING 2 scrolls of identify.
  4691 | D:3      | 4691 ||| IDENTIFYING orange potion
  4692 | D:3      | 4692 ||| DROPPING scroll of poison.
  4693 | D:3      | 4693 ||| READING 2 scrolls of teleportation.
  4925 | D:4      | Noticed Edmund
  4934 | D:4      | HP: 3/33 [Edmund/+4 flail of draining (12)]
  4934 | D:4      | HP: 1/32 [Edmund/+4 flail of draining (2)]
  4935 | D:4      | 4935 ||| READING scroll of teleportation.
  4935 | D:4      | Mangled by Edmund

Levels and vault maps discovered:
D:1:      minmay_arrival_shattered_statue, layout_loops_ring,
          minmay_tetromino_o4
D:2:      layout_basic, basic_altar, shapermc_ecumenical_altar_ellora
D:3:      layout_loops_corners, kennysheep_generic_room_2, uniq_grinder
D:4:      layout_cave_pods, gammafunk_temple_overflow_elements, uniq_edmund,
          uniq_menkaure, uniq_duvessa

Skill      XL: |  1  2  3  4  5 |
---------------+----------------+-----
Axes           | 3 4 6 7 |  7.5
Fighting       | |  2.5
Throwing       | |  1.0
Armour         | |  1.2
Dodging        | |  2.1
Spellcasting   | |  2.0
Translocations | |  2.4

Action                   |  1- 3 |  4- 6 || total
-------------------------+-------+-------++-------
Melee: Hand axe          |    97 |   121 ||   218
       Peck              |    12 |    17 ||    29
       Kick              |    26 |    42 ||    68
       War axe           |       |     9 ||     9
       Punch             |       |     1 ||     1
Throw: Boomerang         |     7 |     7 ||    14
  Use: Scroll            |     3 |    10 ||    13
       Potion            |     1 |     1 ||     2
Armor: Leather armour    |    23 |    14 ||    37
       Scale mail        |       |    24 ||    24
       Chain mail        |       |     2 ||     2
Dodge: Dodged            |    55 |    61 ||   116

Table legend:
 A = Non-vault XP
 B = Vault XP
 C = Vault XP percentage of total XP
 D = Non-vault monster count
 E = Vault monster count
 F = Vault count percentage of total count
                 A         B        C        D         E       F
            +---------+---------+-------+---------+---------+-------
      Total |     292 |     283 |  49.2 |      74 |       7 |   8.6
            +---------+---------+-------+---------+---------+-------
        D:1 |      54 |       7 |  11.5 |      32 |       4 |  11.1
        D:2 |      78 |       0 |   0.0 |      23 |       0 |   0.0
        D:3 |     154 |     276 |  64.2 |      17 |       3 |  15.0
        D:4 |       6 |       0 |   0.0 |       2 |       0 |   0.0
            +---------+---------+-------+---------+---------+-------
